 Dungeon Crawl Stone Soup version 0.22-a0-93-g6b88ebb (webtiles) character file.

854 ourship the Skirmisher (level 8, 53/53 HPs)
             Began as a Gargoyle Fighter on Jan 24, 2018.
             Was a Believer of Okawaru.
             Quit the game on level 5 of the Dungeon on Jan 29, 2018.
             The game lasted 00:36:53 (3914 turns).

ourship the Skirmisher (Gargoyle Fighter)           Turns: 3914, Time: 00:36:54

Health: 53/53      AC: 12    Str: 22    XL:     8   Next: 1%
Magic:  8/8        EV:  7    Int:  9    God:    Okawaru [**....]
Gold:   241        SH: 11    Dex:  9    Spells: 7/7 levels left

rFire    . . .     SeeInvis .   q - +3 flail (crush)
rCold    + . .     Gourm    .   y - +2 shield {rC+}
rNeg     + . .     Faith    .   b - +0 scale mail
rPois    ∞         Spirit   .   (no helmet)
rElec    +         Reflect  .   (no cloak)
rCorr    .         Harm     .   (no gloves)
MR       .....                  (no boots)
Stlth    +.........             n - amulet of regeneration
HPRegen  0.57/turn              o - ring of stealth
MPRegen  0.11/turn              (no ring)

@: no status effects
A: negative energy resistance 1, electricity resistance, unbreathing,
petrification resistance, rot immunity, AC +5
a: Heroism, Renounce Religion


You were on level 5 of the Dungeon.
You worshipped Okawaru.
Okawaru was pleased with you.
You were not hungry.

You visited 1 branch of the dungeon, and saw 5 of its levels.
You also visited: Sewer.

You collected 241 gold pieces.

Inventory:

Hand Weapons
 a - a +0 flail
 q - a +3 flail of crushing (weapon)
Missiles
 h - 9 tomahawks
 p - 2 throwing nets (quivered)
Armour
 b - a +0 scale mail (worn)
 c - a +0 shield
 l - a +0 ring mail
 y - a +2 shield of cold resistance (worn)
Jewellery
 n - an amulet of regeneration (around neck)
 o - a ring of stealth (left hand)
 s - an uncursed ring of magical power
Wands
 w - a wand of random effects (37)
Scrolls
 d - a scroll of teleportation {unknown}
 g - a scroll of enchant weapon {unknown}
 k - a scroll of immolation {unknown}
 m - 2 scrolls of remove curse
 u - 2 scrolls of blinking
 x - a scroll of fear
Potions
 e - a potion of invisibility
 i - 2 potions of curing
 j - a potion of flight
 r - a potion of ambrosia
 z - a potion of agility {unknown}
Miscellaneous
 t - a phantom mirror
Comestibles
 f - 5 rations


   Skills:
 + Level 7.5 Fighting
 + Level 6.4 Maces & Flails
 - Level 3.2 Armour
 - Level 3.2 Shields


You had 7 spell levels left.
You didn't know any spells.

Dungeon Overview and Level Annotations

Branches:
Dungeon (5/15)
 Temple: D:4-7

Altars:
Fedhas
Gozag
Hepliaklqana
Makhleb
Okawaru
Ru
Sif Muna
Trog
Uskayaw
Vehumet


Innate Abilities, Weirdness & Mutations

You are resistant to torment.
Your stone body is resilient. (AC +5)
You are immune to poison.
You resist negative energy. (rN+)
You are resistant to electric shocks. (rElec)
You can survive without breathing.
You are immune to petrification.
You are immune to rotting.


Message History

You start putting on your armour.
You continue putting on your glowing shield. x5
You finish putting on your +2 shield of cold resistance.
You feel resistant to cold.
You now have 241 gold pieces (gained 13).
You open the door.
Found 24 stones.
Found a stone staircase leading down.
An ice beast comes into view.
Found 21 stones.
There is an open door here.
Save game and exit?
Welcome back, ourship the Gargoyle Fighter.
Okawaru says: Bring me glory in combat!
Press ? for a list of commands and other information.
Welcome back, ourship the Gargoyle Fighter.
Okawaru says: Bring me glory in combat!
Press ? for a list of commands and other information.
Save game and exit?
Okay, then.
Are you sure you want to abandon this character and quit the game? (Confirm with "yes".)

#(.... #Y.... +.....
#..... ##(....
#......#####
+......#...#
#......@...#
#...>..#...#
#......#...#
########...#########
#.............#
#.<...........#
#.............#
####'###......#
#......#......#


You could see an ice beast.

Vanquished Creatures
  2 ogres (D:4)
  2 bullfrogs
  A scorpion (D:4)
  3 orc priests (D:4)
  2 orc wizards (D:4)
  A gnoll shaman (D:4)
  Terence (D:3)
  A worker ant (D:4)
  7 adders
  8 gnolls
  2 river rats (D:3)
  2 oozes
  An adder skeleton (D:4)
  4 worms
  3 dart slugs
  7 leopard geckos
  5 orcs (D:4)
  9 giant cockroaches
  8 goblins
  10 hobgoblins
  4 jackals
  5 kobolds
  2 quokkas
  6 ball pythons
  7 bats
  14 frilled lizards
  14 rats
131 creatures vanquished.

Vanquished Creatures (others)
  An orc (D:4)
1 creature vanquished.

Grand Total: 132 creatures vanquished

Notes
Turn   | Place    | Note
-------+----------+-------------------------------------------
     0 | D:1      | ourship the Gargoyle Fighter began the quest for the Orb.
     0 | D:1      | Reached XP level 1. HP: 14/14 MP: 1/1
   163 | D:1      | Reached XP level 2. HP: 19/19 MP: 2/2
   686 | D:1      | Reached XP level 3. HP: 24/24 MP: 3/3
   737 | D:1      | Reached skill level 4 in Fighting
  1072 | D:2      | Reached XP level 4. HP: 27/30 MP: 4/4
  1146 | D:2      | Found a sacrificial altar of Ru.
  1247 | D:2      | Found a blossoming altar of Fedhas.
  1278 | D:2      | Reached XP level 5. HP: 19/34 MP: 5/5
  1361 | D:2      | Reached skill level 5 in Fighting
  1727 | D:3      | Noticed Terence
  1731 | D:3      | Killed Terence
  1824 | D:3      | Found an opulent altar of Gozag.
  1965 | D:3      | Found an iron altar of Okawaru.
  1982 | D:3      | Became a worshipper of Warmaster Okawaru
  2084 | D:3      | Found a glowing drain.
  2123 | Sewer    | Entered a sewer
  2131 | Sewer    | Reached XP level 6. HP: 40/40 MP: 6/6
  2397 | D:3      | Reached * piety under Okawaru
  2397 | D:3      | Reached skill level 6 in Fighting
  2397 | D:3      | Reached skill level 5 in Maces & Flails
  2531 | D:3      | Found a hide-covered altar of Uskayaw.
  2963 | D:4      | Reached XP level 7. HP: 16/47 MP: 7/7
  3072 | D:4      | Found a hazy altar of Hepliaklqana.
  3127 | D:4      | Reached skill level 7 in Fighting
  3419 | D:4      | Found a burning altar of Makhleb.
  3479 | D:4      | Reached XP level 8. HP: 53/53 MP: 8/8
  3621 | D:4      | Reached ** piety under Okawaru
  3652 | D:4      | Found a bloodstained altar of Trog.
  3739 | D:4      | Found a radiant altar of Vehumet.
  3739 | D:4      | Found a deep blue altar of Sif Muna.
  3854 | D:5      | Entered Level 5 of the Dungeon
  3914 | D:5      | Quit the game

Vault maps used:
D:1:      dpeg_arrival_boxes_within_box, minivault_14
D:2:      fedhas_altar_2, old_standard_altar
D:3:      lemuel_crystal_altar, nicolae_overflow_hidden_temple,
          okawaru_ov_weapons_minmay, portal_sewer_entry_b,
          minmay_misc_feat_rows, uniq_crazy_yiuf_cottage, uniq_terence
D:4:      lemuel_round_altar, lightli_temple_of_fire, lemuel_doored_altar,
          amethyst_overflow_temple_binary
D:5:      first_ration
Sewer:    sewer_frog_island_01

Skill      XL: |  1  2  3  4  5  6  7 |
---------------+----------------------+-----
Fighting       | 4 5 6 7 |  7.5
Maces & Flails | 3 4 5 6 |  6.4
Armour         | |  3.2
Shields        | |  3.2

Action                   |  1- 3 |  4- 6 |  7- 9 || total
-------------------------+-------+-------+-------++-------
Melee: Flail             |   141 |   294 |    54 ||   489
Throw: Tomahawk          |     8 |       |       ||     8
       Throwing net      |       |       |     2 ||     2
  Use: Scroll            |     1 |     7 |     2 ||    10
       Potion            |       |     2 |     2 ||     4
  Eat: Chunk             |     1 |     6 |     1 ||     8
       Ration            |       |       |     1 ||     1
Armor: Scale mail        |    69 |   122 |    11 ||   202
Dodge: Dodged            |    50 |    88 |    11 ||   149
Block: Shield            |    74 |   133 |    14 ||   221

Table legend:
 A = Spawn XP
 B = Non-spawn XP
 C = Spawn XP percentage of total XP
 D = Spawn monster count
 E = Non-spawn monster count
 F = Spawn count percentage of total count
 G = Total turns spent on level
                    A         B        C        D         E        F      G
               +---------+---------+-------+---------+---------+-------+---------
         Total |       0 |    1221 |   0.0 |       0 |     131 |   0.0 |  3914
               +---------+---------+-------+---------+---------+-------+---------
           D:1 |       0 |      59 |   0.0 |       0 |      25 |   0.0 |   935
           D:2 |       0 |     154 |   0.0 |       0 |      30 |   0.0 |   788
           D:3 |       0 |     195 |   0.0 |       0 |      26 |   0.0 |   920
           D:4 |       0 |     693 |   0.0 |       0 |      29 |   0.0 |   940
           D:5 |       0 |       5 |   0.0 |       0 |       1 |   0.0 |    60
         Sewer |       0 |     115 |   0.0 |       0 |      20 |   0.0 |   271
               +---------+---------+-------+---------+---------+-------+---------
